AoeStats
← Blin4ik

Black Forest

504456046Analyzed
4v4 RM · 28d ago on Sep 5, 2026· 16m 0s· 8 players
Game mode
Random Map
Map size
Large (8 player)
Population
200
Speed
Normal
Resources
Standard
Victory
Conquest
Starting age
Dark Age
Ending age
Imperial Age
RankedLock teamsTeams togetherTeam positionsShared explorationLock speedFull tech treeHidden civsTurbo modeCheats
Victory
Defeat
🇦🇺 Saracens · Australia
1077
+18
🇦🇺 Teutons · Australia
1030
+19
🇦🇺 Britons · Australia
1029
+19
🇦🇺 Cumans · Australia
1023
+20
🇳🇱 Bohemians · Netherlands
1122
-19
🇷🇺 Celts · Russia
1110
-19
🇬🇷 Mongols · Greece
1101
-19
🇷🇺 Khmer · Russia
1093
-19
Hola Conchita
4:09 Loom
11:37 Feudal Age
12:03 Double-Bit Axe
17:32 Castle Age
15:48 Horse Collar
Fazer
Blin4ik
11:44 Feudal Age
12:10 Double-Bit Axe
12:06 Horse Collar
14:26 Wheelbarrow
sybertuk
2:31 Loom
12:24 Feudal Age
15:48 Castle Age
K4
10:03 Feudal Age
12:33 Double-Bit Axe
13:02 Horse Collar
Ai1738
10:13 Loom
13:25 Feudal Age
18:10 Castle Age
✪ Sonicaii
9:06 Loom
10:51 Feudal Age
9:22 Loom
12:58 Double-Bit Axe
moss_cow_
10:03 Feudal Age
13:37 Castle Age
Connection lost

Rejoining the realm…

Still unreachable

The connection could not be restored.

Session expired

The server has moved on; the page needs a fresh start.